 Dungeon Sprint DCSS version 0.30.1-11-g7821555f0a (webtiles) character file.

Game seed: 12545005430940161233

77 Heoruswealwe the Poker (level 4, -2/44 HPs)
             Began as a Minotaur Fighter on Dec 3, 2023.
             Splashed by a jelly's acid (3 damage)
             ... in the Dungeon (Sprint IX: "|||||||||||||||||||||||||||||").
             The game lasted 00:00:38 (35 turns).

Heoruswealwe the Poker (Minotaur Fighter)             Turns: 35, Time: 00:00:39

Health: -2/44      AC:  3    Str: 22    XL:     4   Next: 14%
Magic:  3/3        EV:  9    Int:  5    God:
Gold:   0          SH:  4    Dex: 10    Spells: 3/3 levels left

rFire   . . .        a - +0 trident
rCold   . . .        d - +0 buckler
rNeg    . . .        c - +0 scale mail
rPois   .            (helmet restricted)
rElec   .            (no cloak)
rCorr   .            (no gloves)
SInv    .            (no boots)
Will    .....        (no amulet) Stlth
                     (no ring)
HPRegen 0.27/turn    (no ring)
MPRegen 0.08/turn

%: no teleportation
@: lethally poisoned (-2 -> -3), corroded
A: horns 2, retaliatory headbutt
a: no special abilities


You were in the Dungeon.
You visited 1 branch

Inventory:

Hand Weapons
 a - a +0 trident (weapon)
Armour
 c - a +0 scale mail (worn)
 d - a +0 buckler (worn)
Scrolls
 j - a scroll of blinking
Potions
 b - a potion of might
 f - a potion of heal wounds
 g - a potion of haste
 i - a potion of berserk rage


   Skills:
 + Level 6.0 Fighting
 * Level 7.3 Polearms
 + Level 6.0 Armour
 - Level 3.6 Shields


You had 3 spell levels left.
You didn't know any spells.
Your spell library was empty.

Dungeon Overview and Level Annotations

Branches:
Dungeon (1/1)

Altars:


Innate Abilities, Weirdness & Mutations

You have a pair of horns on your head.
You reflexively headbutt those who attack you in melee.


Message History

You hit the scorpion. You headbutt the scorpion.
You kill the scorpion!
You feel very sick.
Your Fighting skill increases to level 5!
Your Polearms skill gained 3 levels and is now at level 7!
Your Armour skill increases to level 5!
You have reached level 2!
You have reached level 3!
Your experience leads to an increase in your attributes!
Increase (S)trength, (I)ntelligence, or (D)exterity?
You feel stronger. x2
You have reached level 4!
You feel agile.
You closely miss the adder. Your headbutt misses the adder.
You feel sick. The adder closely misses you. The adder barely misses you.
You hit the adder.
The adder is lightly wounded.
You feel sick. The adder bites you but does no damage.
You closely miss the adder.
The adder is lightly wounded.
You feel sick. You block the adder's attack.
You puncture the adder!
You kill the adder!
You feel sick.
Your Fighting skill increases to level 6!
Your Armour skill increases to level 6!
You puncture the jelly!
Your hands burn!
You headbutt the jelly.
The jelly is heavily wounded.
You feel sick.
The jelly jiggles.
The jelly barely misses you.
You hit the jelly.
Your hands burn!
* * * LOW HITPOINT WARNING * * *
The jelly is severely wounded.
You feel sick. The jelly hits you.
* * * LOW HITPOINT WARNING * * *
The acid corrodes you!
You are splashed with acid!
* * * LOW HITPOINT WARNING * * *
You hit the jelly.
Your hands burn!
You die... ▓▓▓▓▓▓▓▓▓▓▓▓▓▓▓▓▓▓ +...S5J@...)†.!.<▓ ▓▓▓▓▓▓▓▓▓▓▓▓▓▓▓▓▓▓

You could see a jelly, an adder and a white imp.

Vanquished Creatures
  A scorpion (D)
  An adder (D)
  A dart slug (D)
  A giant cockroach (D)
  A goblin (D)
  A frilled lizard (D)
  A kobold (D)
7 creatures vanquished.

Notes
Turn   | Place    | Note
-------+----------+-------------------------------------------
     0 | D        | Heoruswealwe the Minotaur Fighter began the quest for the
                  | Orb.
     0 | D        | Reached XP level 1. HP: 19/19 MP: 0/0
    11 | D        | Reached skill level 3 in Polearms
    18 | D        | Reached skill level 4 in Polearms
    23 | D        | Noticed a jelly
    23 | D        | Noticed a scorpion
    28 | D        | Killed a scorpion
    29 | D        | Reached skill level 5 in Fighting
    29 | D        | Reached skill level 7 in Polearms
    29 | D        | Reached skill level 5 in Armour
    29 | D        | Reached XP level 2. HP: 15/30 MP: 1/1
    29 | D        | Reached XP level 3. HP: 18/37 MP: 2/2
    29 | D        | Reached XP level 4. HP: 22/44 MP: 3/3
    34 | D        | HP: 1/44 [acid (8)]
    35 | D        | Splashed by a jelly's acid

Illustrated notes

Levels and vault maps discovered:
D:        linesprint [early_d, line_temple, items_1, d_10, items_2, lair_1,
          lair_end, items_3, orc_1, orc_end, items_4, d_15, swamp_1, shoals_1,
          snake_1, spider_1, d_20, vaults_1, items_5, swamp_end, shoals_end,
          snake_end, spider_end, vaults_end, d_27, items_6, zot_1, zot_end,
          crypt_end, forest_end, elf_end, slime_end, tomb_end, abyss_end,
          pan_hell_end]

Skill      XL: |  1  2  3  4 |
---------------+-------------+-----
Polearms       | 7 |  7.3
Fighting       | 5 6 |  6.0
Armour         | 5 6 |  6.0
Shields        | |  3.6

Action                     |  1- 3 |  4- 6 || total
---------------------------+-------+-------++-------
  Melee: Trident           |    16 |     7 ||    23
         Headbutt          |     4 |     1 ||     5
    Use: Potion            |     1 |       ||     1
 Armour: Scale mail        |     5 |     1 ||     6
  Dodge: Dodged            |     2 |     3 ||     5
  Block: Buckler           |     3 |     1 ||     4
